Map: [ESL] Oceanborn

Players

Reynor

  • Race: Zerg Zerg
  • Spawn Location: 5:00

SKillous - Winner!

  • Race: Protoss Protoss
  • Spawn Location: 11:00

Event: ESL SC2 Masters 2023 Winter (Regional)

VOD

Have the link to the VOD?

Description

Time

  • Played on: Nov. 12, 2023, 11:32 a.m.
  • Length: 14:52

All games in this series

Show
View Real Time Build Order
Export as new Build Order

Reynor Zerg 

Build Orders: Hatch First 

Get SALT Encoding   

  12  0:00  Drone  
  13  0:12  Overlord  
  13  0:16  Drone  
  14  0:30  Drone x2  
  16  0:48  Hatchery  
  15  0:51  Drone  
  15  0:55  Drone  
  17  0:57  Drone  
  18  1:08  Extractor  
  17  1:14  Spawning Pool  
  17  1:17  Drone  
  17  1:20  Drone  
  18  1:27  Drone  
  19  1:38  Drone  
  20  1:48  Overlord  
  20  2:00  Queen x2  
  26  2:01  Zergling x4  
  26  2:10  Drone  
  26  2:11  Drone  
  28  2:21  Drone, Metabolic Boost  
  28  2:22  Drone  
  30  2:31  Drone  
  31  2:39  Queen  
  31  2:42  Overlord  
  33  2:45  Zergling x2  
  34  2:52  Hatchery  
  34  2:55  Drone  
  34  2:57  Drone  
  34  3:00  Drone  
  34  3:04  Queen  
  37  3:08  Zergling x2  
  37  3:10  Zergling x4  
  40  3:14  Zergling x2  
  40  3:17  Overlord  
  40  3:18  Drone  
  42  3:20  Drone  
  43  3:29  Drone  
  43  3:33  Overlord  
  44  3:35  Queen  
  44  3:36  Drone  
  44  3:40  Drone  
  48  3:41  Queen  
  48  3:47  Drone x2  
  52  3:54  Drone x2, Spore Crawler  
  53  3:59  Drone  
  53  4:00  Drone  
  54  4:04  Queen  
  54  4:06  Drone  
  54  4:07  Drone  
  58  4:11  Spore Crawler  
  58  4:12  Drone  
  58  4:13  Drone  
  58  4:16  Overlord  
  59  4:18  Drone  
  59  4:20  Drone  
  59  4:21  Drone  
  62  4:25  Drone x2  
  62  4:26  Drone  
  62  4:30  Overlord  
  65  4:34  Drone x2  
  65  4:35  Drone  
  65  4:37  Drone  
  69  4:38  Evolution Chamber  
  68  4:48  Drone  
  68  4:49  Drone  
  68  4:50  Drone  
  68  4:51  Drone  
  72  4:53  Overlord  
  72  4:57  Drone x3  
  72  4:58  Hatchery  
  74  5:02  Drone  
  74  5:04  Roach Warren  
  74  5:07  Drone x2  
  76  5:09  Zerg Missile Weapons Level 1  
  76  5:10  Zergling x4  
  76  5:13  Overlord  
  76  5:14  Drone  
  79  5:15  Drone x2  
  79  5:17  Drone  
  82  5:22  Overlord  
  82  5:25  Overlord  
  82  5:27  Overlord  
  82  5:31  Queen  
  82  5:32  Spore Crawler  
  82  5:34  Drone x5  
  88  5:35  Drone  
  88  5:41  Lair  
  88  5:42  Drone x5  
  94  5:45  Drone x3  
  94  5:48  Drone x3  
  100  5:50  Extractor, Overlord  
  100  5:52  Drone, Extractor  
  99  5:57  Extractor  
  99  5:58  Extractor  
  99  6:01  Spore Crawler  
  99  6:03  Overlord  
  95  6:10  Drone x3  
  98  6:12  Queen  
  98  6:13  Extractor, Overlord  
  98  6:14  Drone x3  
  102  6:19  Overlord  
  101  6:25  Overlord  
  101  6:26  Pneumatized Carapace, Overlord  
  101  6:35  Spore Crawler  
  101  6:36  Overlord  
  101  6:37  Overlord x3  
  101  6:39  Overseer x3  
  100  6:40  Glial Reconstitution  
  100  6:42  Zergling x6  
  100  6:43  Zergling x4, Extractor  
  100  6:44  Drone x2  
  100  6:45  Drone x2  
  108  6:47  Extractor  
  107  6:59  Drone x2  
  106  7:07  Roach x13  
  132  7:13  Overlord  
  132  7:15  Roach x6  
  144  7:18  Overseer  
  144  7:20  Roach x2  
  148  7:25  Roach x2  
  148  7:27  Queen  
  154  7:32  Roach x2  
  154  7:35  Roach x5  
  157  7:42  Roach x3  
  157  7:43  Roach x4  
  171  7:48  Ravager x3  
  171  7:49  Zergling x4, Roach x2  
  180  7:53  Zergling x2, Roach x2  
  180  7:56  Ravager  
  186  7:59  Roach  
  186  8:02  Zergling x4, Roach x2  
  186  8:04  Ravager x2  
  196  8:07  Roach  
  196  8:08  Roach  
  200  8:21  Spore Crawler x2, Ravager x2  
  200  8:22  Spore Crawler x2, Ravager  
  200  8:23  Ravager  
  200  8:30  Overlord x2  
  178  8:49  Roach x12  
  178  8:52  Zergling x8, Roach x2  
  185  8:56  Zerg Missile Weapons Level 2  
  185  8:59  Ravager x4  
  189  9:03  Overseer  
  187  9:10  Roach x2  
  190  9:17  Roach x3  
  188  9:27  Roach x2  
  181  9:33  Roach  
  181  9:34  Roach x6  
  183  9:38  Roach x2  
  183  9:39  Roach x2  
  183  9:42  Roach x5  
  183  9:43  Roach  
  186  9:45  Roach  
  186  9:46  Roach x2  
  186  9:49  Queen x2  
  186  9:51  Roach  
  171  9:54  Queen x2  
  171  9:57  Roach x3  
  173  10:01  Ravager x6  
  173  10:02  Ravager  
  173  10:03  Ravager  
  173  10:05  Roach  
  173  10:06  Zergling x2  
  184  10:08  Roach x2  
  184  10:12  Ravager  
  184  10:13  Roach  
  191  10:18  Zergling x2  
  191  10:19  Zergling x4  
  186  10:24  Roach x4  
  186  10:28  Roach x4  
  177  10:30  Zergling x2  
  168  10:35  Queen, Roach  
  168  10:41  Drone x3  
  168  10:42  Spire  
  163  10:45  Drone  
  160  10:51  Ravager x5  
  160  10:53  Drone x6  
  160  10:55  Hatchery  
  170  11:08  Zergling x16  
  174  11:20  Hatchery  
  174  11:24  Zerg Melee Weapons Level 1  
  174  11:25  Zergling x4, Infestation Pit  
  174  11:29  Zergling x14  
  181  11:35  Overlord  
  177  11:53  Overlord x2  
  177  11:54  Mutalisk x8, Spine Crawler  
  177  11:55  Mutalisk, Spine Crawler  
  177  11:56  Spine Crawler  
  177  12:00  Overlord  
  192  12:03  Hive  
  192  12:05  Hydralisk Den  
  186  12:10  Mutalisk x3  
  190  12:27  Zergling x20  
  196  12:35  Spine Crawler x2  
  196  12:36  Spine Crawler  
  193  12:39  Lurker Den  
  182  13:00  Roach x8  
  198  13:06  Extractor  
  198  13:07  Extractor  
  198  13:09  Spine Crawler x3  
  173  13:31  Ravager x11  
  182  13:37  Roach x10  
  184  13:47  Mutalisk x6  
  177  13:48  Zergling x6  
  177  13:49  Zergling x32  
  177  13:51  Roach  
  192  13:56  Overlord  
  192  13:59  Overlord  
  178  14:03  Zergling x8  
  178  14:07  Mutalisk, Queen  
  166  14:12  Mutalisk x2  
  166  14:13  Mutalisk  
  166  14:14  Zergling x2  
  152  14:19  Mutalisk  
  152  14:24  Mutalisk, Zergling x4  
  130  14:25  Zergling x2  
  112  14:31  Zergling x2  
Show
View Real Time Build Order
Export as new Build Order

SKillous Protoss - Winner!

Build Orders: 1 Gate Expand, Oracle Opening, Archon Immortal 

Get SALT Encoding   

  12  0:00  Probe  
  13  0:13  Pylon  
  13  0:18  Probe (Chrono Boost)  
  14  0:27  Probe (Chrono Boost)  
  15  0:32  Probe (Chrono Boost)  
  16  0:38  Gateway  
  16  0:44  Probe  
  16  0:48  Assimilator  
  17  0:56  Probe  
  18  1:08  Probe  
  19  1:21  Probe  
  20  1:25  Nexus  
  20  1:36  Cybernetics Core  
  20  1:39  Probe  
  21  1:45  Assimilator  
  21  1:51  Probe  
  22  1:55  Pylon  
  22  2:03  Probe  
  23  2:10  Adept (Chrono Boost)  
  23  2:15  Probe  
  26  2:18  Stargate  
  26  2:29  Warp Gate  
  26  2:31  Probe (Chrono Boost)  
  26  2:33  Adept  
  29  2:38  Probe (Chrono Boost)  
  31  2:49  Probe x2 (Chrono Boost)  
  32  2:55  Probe (Chrono Boost)  
  33  2:58  Probe  
  33  2:59  Oracle (Chrono Boost)  
  33  3:03  Pylon  
  37  3:08  Probe  
  37  3:10  Probe  
  41  3:20  Probe  
  41  3:22  Gateway  
  41  3:24  Zealot  
  41  3:25  Probe  
  41  3:26  Oracle (Chrono Boost)  
  43  3:32  Probe  
  47  3:37  Probe  
  48  3:43  Pylon  
  48  3:44  Probe  
  49  3:49  Probe  
  50  3:56  Probe  
  50  4:00  Nexus  
  50  4:01  Probe  
  52  4:03  Oracle (Chrono Boost)  
  55  4:10  Probe  
  55  4:12  Shield Battery  
  55  4:14  Probe (Chrono Boost)  
  57  4:18  Assimilator  
  57  4:20  Assimilator  
  57  4:22  Probe (Chrono Boost)  
  57  4:23  Forge  
  58  4:27  Pylon  
  59  4:33  Probe (Chrono Boost)  
  59  4:34  Robotics Facility, Probe (Chrono Boost)  
  60  4:40  Probe (Chrono Boost)  
  60  4:45  Probe (Chrono Boost)  
  62  4:47  Twilight Council  
  62  4:50  Adept  
  62  4:51  Protoss Ground Weapons Level 1 (Chrono Boost)  
  62  4:52  Probe (Chrono Boost)  
  65  4:57  Probe (Chrono Boost)  
  65  4:58  Probe (Chrono Boost)  
  67  5:01  Stalker  
  70  5:07  Probe (Chrono Boost)  
  70  5:12  Probe (Chrono Boost)  
  70  5:14  Pylon  
  72  5:17  Probe (Chrono Boost)  
  74  5:22  Probe x2 (Chrono Boost)  
  74  5:23  Gateway  
  74  5:26  Probe (Chrono Boost), Charge  
  74  5:27  Probe (Chrono Boost)  
  75  5:29  Probe  
  75  5:31  Immortal  
  81  5:38  Probe (Chrono Boost)  
  81  5:39  Probe (Chrono Boost)  
  84  5:46  Pylon, Probe (Chrono Boost)  
  84  5:48  Assimilator  
  84  5:49  Assimilator  
  86  5:51  Probe (Chrono Boost)  
  86  5:53  Probe (Chrono Boost)  
  86  5:55  Templar Archives  
  86  5:56  Probe x2 (Chrono Boost)  
  87  5:57  Gateway  
  87  5:59  Gateway  
  87  6:00  Probe  
  87  6:08  Nexus  
  87  6:11  Pylon, Probe  
  84  6:12  Zealot  
  84  6:16  Zealot  
  84  6:17  Immortal (Chrono Boost)  
  92  6:29  Gateway  
  92  6:30  Probe  
  92  6:31  Gateway, Probe x2  
  95  6:39  Shield Battery  
  95  6:40  High Templar x3  
  95  6:42  Probe  
  102  6:47  Gateway  
  102  6:48  Archon, Warp Prism (Chrono Boost)  
  102  6:49  Pylon, Probe  
  105  6:54  Probe  
  105  7:00  Protoss Ground Weapons Level 2 (Chrono Boost), High Templar  
  108  7:04  Probe  
  108  7:05  Pylon x2  
  108  7:07  Probe  
  110  7:09  Zealot  
  110  7:10  Archon  
  110  7:13  Photon Cannon  
  110  7:14  Phoenix, Pylon  
  114  7:15  Photon Cannon  
  114  7:19  Assimilator  
  114  7:20  Observer  
  114  7:21  Assimilator  
  111  7:37  Zealot x7  
  111  7:41  Phoenix  
  123  7:49  Probe x3  
  126  7:54  Pylon  
  127  8:01  Robotics Facility, Probe  
  127  8:03  Probe  
  127  8:04  Pylon  
  133  8:10  Shield Battery  
  133  8:11  High Templar x6  
  146  8:12  Shield Battery  
  146  8:16  Archon x3, Shield Battery  
  146  8:18  Shield Battery  
  146  8:20  Shield Battery  
  146  8:29  Blink (Chrono Boost)  
  146  8:30  Zealot x2  
  148  8:37  Pylon  
  144  8:43  Stalker x5  
  144  8:44  Immortal, Stalker  
  142  8:57  Immortal  
  142  8:58  Protoss Ground Weapons Level 3 (Chrono Boost)  
  144  9:11  Stalker x8, Pylon  
  153  9:24  Immortal  
  155  9:36  Immortal (Chrono Boost)  
  155  9:37  Zealot x7  
  165  9:45  Probe  
  134  9:59  Shield Battery  
  132  10:01  Shield Battery  
  132  10:02  Sentry x3  
  132  10:03  Zealot x5, Shield Battery  
  132  10:05  Shield Battery  
  148  10:11  Observer (Chrono Boost)  
  148  10:13  Immortal (Chrono Boost)  
  152  10:25  Zealot x4  
  137  10:31  Zealot x4, Immortal (Chrono Boost)  
  143  10:39  Probe  
  138  10:48  High Templar x4  
  144  10:52  Archon x2  
  144  10:53  Immortal (Chrono Boost)  
  144  10:54  High Templar  
  144  10:55  High Templar x3  
  152  10:59  Archon  
  152  11:00  Archon  
  152  11:02  Immortal  
  156  11:06  Nexus  
  148  11:20  Zealot  
  148  11:21  Zealot x3  
  156  11:26  Nexus  
  156  11:27  Immortal  
  156  11:32  Zealot x4  
  163  11:37  Pylon  
  161  11:41  Immortal  
  151  11:57  High Templar x8  
  151  11:59  Shield Battery  
  151  12:00  Pylon  
  167  12:02  Pylon  
  167  12:03  Protoss Shields Level 1 (Chrono Boost)  
  167  12:04  Immortal  
  166  12:13  Immortal  
  166  12:14  Archon x3  
  166  12:15  Archon  
  168  12:30  Pylon  
  168  12:36  Zealot x6, Immortal  
  180  12:40  Nexus  
  180  12:41  Pylon  
  180  12:49  Immortal  
  180  12:51  Zealot x2  
  188  13:05  Zealot x6  
  200  13:11  Fleet Beacon  
  200  13:13  Stargate  
  200  13:16  Phoenix (Chrono Boost)  
  200  13:17  Stargate  
  177  13:24  Photon Cannon  
  177  13:25  Stargate  
  177  13:26  Photon Cannon x2  
  148  13:34  High Templar x2  
  148  13:35  High Templar x4  
  148  13:38  Archon x2  
  148  13:39  Archon  
  142  13:43  Phoenix (Chrono Boost)  
  122  14:06  Phoenix  
  120  14:13  Phoenix  
  114  14:18  Probe x2  
  114  14:21  Zealot x4  
  114  14:23  Probe  
Tags
 
Add a new tag
Caveats
  • Supply blocks, unpowered buildings, or Contaminate may cause inaccurate times.
  • Supply counts are checked every 10 seconds.